 Dungeon Crawl Stone Soup version 0.20.0-8-g6b59dc7 (webtiles) character file.

35 Gorglomux the Skirmisher (level 3, 0/45 HPs)
             Began as a Centaur Fire Elementalist on May 30, 2017.
             Slain by an iron imp (5 damage)
             ... summoned by Natasha
             ... on level 2 of the Dungeon.
             The game lasted 00:05:15 (1029 turns).

Gorglomux the Skirmisher (CeFE)                     Turns: 1029, Time: 00:05:16

Health: 0/45       AC: 21    Str: 11    XL:     3   Next: 17%
Magic:  3/5        EV:  1    Int: 14    God:
Gold:   60         SH:  0    Dex:  9    Spells: 4/5 levels left

rFire    . . .     SeeInvis .   D - +0 club
rCold    . . .     Gourm    .   (no shield)
rNeg     + + +     Faith    .   (armour currently unavailable)
rPois    +         Spirit   .   (helmet currently unavailable)
rElec    .         Reflect  .   (cloak currently unavailable)
rCorr    .         Harm     .   (gloves currently unavailable)
MR       .....     NoTele   +   (no barding)
Stlth    +.........             (no amulet)
Regen    0.2/turn               (no ring)
MPRegen  0.1/turn               (no ring)

@: tree-form
A: no striking features
a: no special abilities


You were on level 2 of the Dungeon.
You were not hungry.
You were a tree.
You visited 1 branch of the dungeon, and saw 2 of its levels.

You collected 60 gold pieces.

Inventory:

Hand Weapons
 b - a +0 hunting sling
 D - a +0 club (weapon)
Armour
 a - a +0 robe (melded)
Jewellery
 H - an uncursed amulet of magic regeneration {unknown}
Scrolls
 d - a scroll of immolation {unknown}
 A - 2 scrolls of remove curse {unknown}
 B - a scroll of recharging {unknown}
 C - a scroll of identify {unknown}
 I - a scroll of magic mapping {unknown}
Books
 J - a book of Flames

   Spells                             Type                      Level
   a - Flame Tongue                   Conjuration/Fire             1
   b - Throw Flame                    Conjuration/Fire             2
   c - Conjure Flame                  Conjuration/Fire             3
   d - Inner Flame                    Hexes/Fire                   3
   e - Sticky Flame                   Conjuration/Fire             4
   f - Fireball                       Conjuration/Fire             5
Comestibles
 c - a bread ration
 z - a meat ration
 K - a chunk of flesh


   Skills:
 + Level 2.8 Fighting
 - Level 1.3 Dodging
 - Level 1.1 Stealth
 - Level 1.5 Spellcasting
 - Level 0.8 Conjurations
 - Level 2.6 Fire Magic


You had 4 spell levels left.
You knew the following spells:

 Your Spells              Type           Power        Failure   Level  Hunger
a - Flame Tongue          Conj/Fire      #....        12%         1    ##.....


Dungeon Overview and Level Annotations

Branches:
Dungeon (2/15)

Altars:
Cheibriados

Annotations:
D:2 Natasha


Innate Abilities, Weirdness & Mutations

((You have hooves in place of feet.))
((Armour fits poorly on your strangely shaped body.))
((You cover ground very quickly.))
((You have extremely tough skin. (AC +3)))


Message History

* * * LOW HITPOINT WARNING * * *
Natasha casts a spell.
You barely miss the iron imp.
The iron imp lashes its tail.
The iron imp hits you but does no damage.
You closely miss the iron imp.
The iron imp hits you but does no damage.
You hit the iron imp but do no damage.
Natasha casts a spell.
The iron imp hits you.
* * * LOW HITPOINT WARNING * * *
You hit the iron imp.
The iron imp is lightly wounded.
The crimson imp blinks!
The iron imp hits you but does no damage.
The white imp sputters.
You barely miss the iron imp.
The iron imp is lightly wounded.
The iron imp hits you.
You die...

#<#.#.#......##.#.#........#
..#.#.#....#.##.#.#####....#
...........#.##.#.###......#
.##.#.#.#.##.##.#...'......+
.##.....#....##.#####.(....#
........#######.# #.†....#
.###............#####......#
.# #.......###...h5.5.######
.# #...###.# #..♣5....# .#
#...# #<# #........# .#
#...# ### #........+ .#
#...# #........# .# #...#
######'### .# #. #.. .# ####
.# .#


You could see an iron imp, Natasha, a crimson imp and a white imp.

Vanquished Creatures
  An adder (D:2)
  A dart slug (D:2)
  A leopard gecko (D:1)
  2 bats
  2 giant cockroaches (D:1)
  3 goblins (D:1)
  2 hobgoblins (D:1)
  3 jackals (D:1)
  A ball python (D:2)
  A frilled lizard (D:1)
  3 kobolds
  2 rats
22 creatures vanquished.

Notes
Turn   | Place    | Note
-------+----------+-------------------------------------------
     0 | D:1      | Gorglomux the Centaur Fire Elementalist began the quest for the Orb.
     0 | D:1      | Reached XP level 1. HP: 14/14 MP: 3/3
   179 | D:1      | Reached skill level 1 in Fighting
   269 | D:1      | Reached XP level 2. HP: 22/23 MP: 4/4
   754 | D:2      | Found a snail-covered altar of Cheibriados.
   800 | D:2      | Reached XP level 3. HP: 21/30 MP: 0/5
  1012 | D:2      | Noticed Natasha
  1029 | D:2      | Slain by an iron imp

Skill      XL: |  1  2 |
---------------+-------+-----
Fighting       | 1 2 |  2.8
Dodging        | |  1.3
Stealth        | |  1.1
Spellcasting   | |  1.5
Conjurations   | |  0.8
Fire Magic     | |  2.6

Action                   || total
-------------------------++-------
Melee: Unarmed           ||    15
       Club              ||    62
       Kick              ||    12
 Cast: Flame Tongue      ||    19
  Use: Potion            ||     2
Armor: Robe              ||    47
       Skin              ||     5
Dodge: Dodged            ||    53
